 Dungeon Crawl Stone Soup version 0.25-a0-785-gb22c70e859 (webtiles) character file.

Game seed: 12762380837356543410, levelgen mode: deterministic

2308 Maedhros the Sneak (level 9, 0/60 HPs)
             Began as an Octopode Artificer on Apr 16, 2020.
             Slain by an ogre
             ... wielding a +0 giant club
              (31 damage)
             ... on level 7 of the Dungeon on Apr 17, 2020.
             The game lasted 00:07:43 (6553 turns).

Maedhros the Sneak (Octopode Artificer)             Turns: 6553, Time: 00:07:43

Health: 0/60       AC:  1    Str: 12    XL:     9   Next: 41%
Magic:  11/11      EV: 16    Int: 15    God:
Gold:   166        SH:  5    Dex: 15    Spells: 8/8 levels left

rFire    . . .     SeeInvis +     - Unarmed
rCold    . . .     Gourm    .   e - +0 buckler
rNeg     + . .     Faith    .   (helmet restricted)
rPois    +         Spirit   .   (no amulet)
rElec    .         Reflect  .   m - ring of poison resistance
rCorr    .         Harm     .   r - ring of see invisible
MR       .....                  w - ring of positive energy
Stlth    +++++.....             (no ring)
HPRegen  0.20/turn              (no ring)
MPRegen  0.12/turn              (no ring)
                                (no ring)
                                (no ring)

@: no status effects
A: almost no armour, stealthy swim, amphibious, 8 rings, constrict 8, beak,
camouflage 1, clever 1, gelatinous body 1
a: no special abilities


You were on level 7 of the Dungeon.
You were not hungry.

You visited 1 branch of the dungeon, and saw 7 of its levels.
You also visited: Sewer.

You collected 166 gold pieces.

Inventory:

Armour
 e - a +0 buckler (worn)
 v - a +0 tower shield
Jewellery
 m - a ring of poison resistance (left tentacle)
 r - a ring of see invisible (right tentacle)
 w - a ring of positive energy (on tentacle)
Wands
 b - a wand of flame (5)
 c - a wand of enslavement (1)
 d - a wand of random effects (10)
Scrolls
 a - 2 scrolls of fog {unknown}
 g - 14 scrolls of identify {unknown}
 h - 6 scrolls of remove curse {unknown}
 i - 3 scrolls of fear {unknown}
 j - 2 scrolls of blinking {unknown}
 l - a scroll of magic mapping {unknown}
 o - 2 scrolls of teleportation {unknown}
 p - 2 scrolls of enchant armour {unknown}
Potions
 k - 3 potions of curing
 n - 3 potions of haste
 q - 3 potions of might {unknown}
 s - a potion of lignification {unknown}
 t - 2 potions of brilliance {unknown}
 u - 2 potions of degeneration {unknown}
Comestibles
 f - 7 rations
 x - 4 chunks of flesh


   Skills:
 + Level 4.8 Fighting
   Level 1.0 Short Blades
 + Level 5.3 Dodging
 + Level 7.2 Stealth
 + Level 4.7 Shields
 * Level 7.0 Unarmed Combat
 - Level 3.2 Evocations


You had 8 spell levels left.
You didn't know any spells.
Your spell library was empty.

Dungeon Overview and Level Annotations

Branches:
Dungeon (7/15)              Sewer (visited)
 Temple: D:4-7

Altars:
Gozag
Kikubaaqudgha
Qazlal
Vehumet


Innate Abilities, Weirdness & Mutations

You cannot wear most types of armour.
You are very stealthy in the water. (Stealth+)
You are amphibious.
You can wear up to eight rings at the same time.
You can use your tentacles to constrict eight enemies at once.
Your skin changes colour to match your surroundings (Stealth+).
Your rubbery body absorbs attacks. (AC +1, EV +1)
You have a beak for a mouth.
Your mind is acute. (Int +2)


Message History

An ogre is nearby!
An ogre is nearby!
The ogre barely misses you.
An ogre is nearby!
You tentacle-slap the ogre. Your peck misses the ogre.
The ogre is lightly wounded.
An ogre is nearby!
You barely miss the ogre.
The ogre is lightly wounded.
The ogre completely misses you.
You barely miss the ogre. You peck the ogre.
The ogre is moderately wounded.
The ogre hits you with a +0 giant club!
You bludgeon the ogre! You peck the ogre.
The ogre is severely wounded.
You tentacle-slap the ogre.
The ogre is almost dead.
The ogre hits you with a +0 giant club!!
Ouch! That really hurt!
You die...

#)######
#######.#....##
#.......#.##..#
#......)#)##..#
#...<..)..##..#
#######)####..########
#.#............#
#.#.###.#####.## #.#
#@# #.# #.# #O# #.#
#.# #.# #.# #.#
#.#####.#
#...###.......#
+........######
#######..# #....<#..#
#.#.#O#.##


You could see an ogre.

Vanquished Creatures
  Eustachio (D:4)
  Edmund (D:6)
  A sky beast (D:6)
  A water moccasin (D:5)
  An ice beast (D:6)
  2 orc warriors
  2 ogres (D:6)
  A black bear (D:6)
  A phantom (D:5)
  A centaur (D:6)
  6 big kobolds (Sewer)
  A bullfrog (D:6)
  2 scorpions (D:6)
  A howler monkey (D:4)
  A crimson imp (D:5)
  A hound (D:6)
  2 orc priests
  An orc wizard (D:7)
  3 worker ants
  A gnoll (D:4)
  5 river rats
  13 adders
  2 shadow imps
  6 oozes
  5 worms
  5 leopard geckos
  12 orcs
  3 bats
  8 giant cockroaches
  4 goblins
  4 hobgoblins
  2 jackals (D:3)
  7 kobolds
  4 quokkas
  7 ball pythons
  A frilled lizard (D:3)
  A leopard gecko skeleton (D:4)
  8 rats
128 creatures vanquished.

Vanquished Creatures (collateral kills)
  An adder (D:5)
  A leopard gecko (D:3)
  3 hobgoblins (D:3)
  A jackal (D:3)
  A bat (D:3)
7 creatures vanquished.

Grand Total: 135 creatures vanquished

Notes
Turn   | Place    | Note
-------+----------+-------------------------------------------
     0 | D:1      | Maedhros the Octopode Artificer began the quest for the
                  | Orb.
     0 | D:1      | Reached XP level 1. HP: 13/13 MP: 3/3
    69 | D:1      | Reached XP level 2. HP: 14/18 MP: 4/4
   161 | D:1      | Reached skill level 1 in Unarmed Combat
   485 | D:2      | Reached XP level 3. HP: 16/23 MP: 5/5
   932 | D:3      | Reached skill level 1 in Shields
   932 | D:3      | Reached XP level 4. HP: 9/28 MP: 6/6
  1452 | D:3      | Found an ancient bone altar of Kikubaaqudgha.
  1720 | D:3      | Reached XP level 5. HP: 31/34 MP: 7/7
  1752 | D:3      | Found an opulent altar of Gozag.
  2003 | D:4      | Gained mutation: You have a beak for a mouth. [potion of
                  | mutation]
  2003 | D:4      | Gained mutation: Your mind is acute. (Int +2) [potion of
                  | mutation]
  2055 | D:4      | Reached XP level 6. HP: 25/39 MP: 8/8
  2174 | D:5      | Entered Level 5 of the Dungeon
  2256 | D:5      | HP: 2/40 [poisoned by an adder]
  2257 | D:5      | Found a glowing drain.
  2262 | D:5      | HP: 2/41 [poisoned by an adder]
  2398 | Sewer    | Entered a sewer
  2664 | Sewer    | Reached XP level 7. HP: 44/45 MP: 9/9
  3189 | Sewer    | Reached skill level 5 in Stealth
  3270 | D:5      | Reached skill level 5 in Unarmed Combat
  3270 | D:5      | Reached XP level 8. HP: 21/52 MP: 10/10
  3696 | D:4      | Noticed Eustachio
  3708 | D:4      | Killed Eustachio
  4757 | D:6      | Noticed Edmund
  4771 | D:6      | Killed Edmund
  5146 | D:6      | Found a stormy altar of Qazlal.
  5151 | D:6      | Reached skill level 5 in Dodging
  5151 | D:6      | Reached XP level 9. HP: 59/59 MP: 11/11
  5164 | D:6      | Found a radiant altar of Vehumet.
  6553 | D:7      | Slain by an ogre

Levels and vault maps discovered:
D:1:      heliophobic_arrival_glass_houses, layout_rooms
D:2:      layout_loops_ring, led_sif_pool, first_ration
D:3:      layout_basic, lemuel_coloured_pillars_altar, grunt_gozag_statues,
          kennysheep_generic_room_9
D:4:      layout_basic, grunt_ministairs_13, uniq_eustachio
D:5:      layout_rooms, lightli_sewer_entry_pipes
D:6:      layout_layer_cave, lemuel_crystal_altar, basic_altar, uniq_edmund
D:7:      layout_basic, nicolae_overflow_quartered_altars, fedhas_altar_1,
          minmay_temple_entry_statues, serial_shops, shop, the_bakery

Skill      XL: |  1  2  3  4  5  6  7  8  9 |
---------------+----------------------------+-----
Unarmed Combat | 1 2 3 5 6 7 |  7.0
Stealth        | 2 3 4 5 6 7 |  7.2
Shields        | 1 2 3 4 |  4.7
Fighting       | 2 3 4 |  4.8
Dodging        | 3 4 5 |  5.3
Short Blades   | |  1.0
Evocations     | |  3.2

Action                   |  1- 3 |  4- 6 |  7- 9 || total
-------------------------+-------+-------+-------++-------
Melee: Short sword       |    60 |    80 |       ||   140
       Tentacles         |    11 |    22 |    46 ||    79
       Constrict         |    15 |    25 |    35 ||    75
       Peck              |       |     8 |    56 ||    64
       Dagger            |       |    23 |   101 ||   124
       Punch             |       |     1 |    13 ||    14
       Unarmed           |       |       |   115 ||   115
Evoke: Wand              |       |     7 |    22 ||    29
  Use: Potion            |       |     4 |       ||     4
 Stab: Sleeping          |     3 |    11 |    21 ||    35
       Distracted        |     1 |       |       ||     1
  Eat: Chunk             |       |     5 |     7 ||    12
       Ration            |       |       |     2 ||     2
Armor: Skin              |     5 |     4 |     4 ||    13
Dodge: Dodged            |    36 |    79 |    96 ||   211
Block: Buckler           |     7 |    10 |    26 ||    43

Table legend:
 A = Non-vault XP
 B = Vault XP
 C = Vault XP percentage of total XP
 D = Non-vault monster count
 E = Vault monster count
 F = Vault count percentage of total count
                 A         B        C        D         E       F
            +---------+---------+-------+---------+---------+-------
      Total |    2125 |    1173 |  35.6 |      93 |      42 |  31.1
            +---------+---------+-------+---------+---------+-------
        D:1 |      25 |       0 |   0.0 |       9 |       0 |   0.0
        D:2 |      25 |       0 |   0.0 |       7 |       0 |   0.0
        D:3 |     115 |       2 |   1.7 |      30 |       1 |   3.2
        D:4 |     174 |     205 |  54.1 |      13 |       2 |  13.3
        D:5 |     384 |      79 |  17.1 |      13 |      10 |  43.5
        D:6 |    1221 |     158 |  11.5 |      16 |       1 |   5.9
        D:7 |     181 |       0 |   0.0 |       5 |       0 |   0.0
      Sewer |       0 |     729 | 100.0 |       0 |      28 | 100.0
            +---------+---------+-------+---------+---------+-------
